 Dungeon Crawl Stone Soup version 0.27-a0-1591-gc56fcc985a (webtiles) character file.

Game seed: 4255225996418041575

76 Anon1729 the Insei (level 4, -2/35 HPs)
             Began as a Merfolk Monk on July 19, 2021.
             Slain by a gnoll (8 damage)
             ... on level 2 of the Dungeon.
             The game lasted 00:02:03 (2314 turns).

Anon1729 the Insei (Merfolk Monk)                   Turns: 2314, Time: 00:02:04

Health: -2/35      AC:  2    Str: 11    XL:     4   Next: 32%
Magic:  4/4        EV: 14    Int: 10    God:
Gold:   64         SH:  0    Dex: 16    Spells: 3/3 levels left

rFire    . . .     SeeInvis .     - Unarmed
rCold    . . .     Faith    .   (no shield)
rNeg     . . .     Spirit   .   a - +0 robe
rPois    .         Reflect  .   (no helmet)
rElec    .         Harm     .   (no cloak)
rCorr    .         Rampage  .   (no gloves)
Will     .....                  (no boots)
Stlth    ++........             (no amulet)
HPRegen  0.11/turn              (no ring)
MPRegen  0.09/turn              (no ring)

@: no status effects
A: (nimble swimmer 2), mertail
a: no special abilities


You were on level 2 of the Dungeon.
You visited 1 branch of the dungeon, and saw 2 of its levels.

You collected 75 gold pieces.
You spent 11 gold pieces at shops.

Inventory:

Missiles
 g - 3 curare-tipped darts (quivered)
Armour
 a - a +0 robe (worn)
Scrolls
 c - a scroll of fear {unknown}
 d - a scroll of vulnerability {unknown}
 f - a scroll of enchant armour {unknown}
 h - a scroll of teleportation {unknown}
 j - a scroll of magic mapping {unknown}
Potions
 b - 2 potions of curing {unknown}
 e - a potion of degeneration
 i - a potion of heal wounds {unknown}


   Skills:
 - Level 3.4 Fighting
 - Level 4.2 Dodging
 - Level 2.4 Stealth
 + Level 5.2 Unarmed Combat


You had 3 spell levels left.
You didn't know any spells.
Your spell library was empty.

Dungeon Overview and Level Annotations

Branches:
Dungeon (2/15)

Altars:

Shops:
D:1 !


Innate Abilities, Weirdness & Mutations

((You are quick and stealthy near water. (Stealth+, EV+, Speed+++)))
Your lower body shifts to a powerful aquatic tail in water.


Message History

You are too injured to fight recklessly!
You are too injured to fight recklessly!
You are too injured to fight recklessly!
You hit the gnoll.
The gnoll is severely wounded.
The gnoll closely misses you.
You hit the gnoll.
You kill the gnoll!
You start resting.
A frilled lizard comes into view.
The frilled lizard moves out of view.
You start resting.
A gnoll is nearby!
A gnoll is nearby!
A gnoll is nearby!
The gnoll shouts!
Things that are here:
a +0 flail; a gnoll corpse The gnoll hits you from afar with a +0 spear.
The gnoll hits you but does no damage.
You hit the gnoll.
The gnoll is lightly wounded.
You hit the gnoll but do no damage.
The gnoll is lightly wounded.
The gnoll hits you with a +0 spear.
You barely miss the gnoll.
The gnoll is lightly wounded.
The gnoll hits you with a +0 spear!
You are too injured to fight recklessly!
You are too injured to fight recklessly!
You are too injured to fight recklessly!
You are too injured to fight recklessly!
You are too injured to fight recklessly!
You are too injured to fight recklessly!
The gnoll hits you from afar with a +0 spear!
* * * LOW HITPOINT WARNING * * *
Things that are here:
a +0 flail; a gnoll corpse The gnoll hits you from afar with a +0 spear!
You die...

#.##..####
#....>...# #.
#####.##.# #. #.##.#
#. #.##.## #.#
#.##.##.# ..##
#.##.##...#..#
#######....# #....#
.......@...#####.#.#
#######.##.......#.#
#g##########g# #.#
#g# #)# #.# #.# #.#
#.# #######.# ##.##
#....gg(#
#####.#.###.#######


You could see a gnoll.

Vanquished Creatures
  3 gnolls
  An adder (D:2)
  3 ball pythons (D:1)
  4 endoplasms
  A giant cockroach (D:1)
  5 goblins (D:1)
  3 hobgoblins (D:1)
  3 jackals (D:1)
  5 kobolds (D:1)
  2 quokkas (D:1)
  A bat (D:1)
  A frilled lizard (D:1)
  3 rats
35 creatures vanquished.

Notes
Turn   | Place    | Note
-------+----------+-------------------------------------------
     0 | D:1      | Anon1729 the Merfolk Monk began the quest for the Orb.
     0 | D:1      | Reached XP level 1. HP: 18/18 MP: 1/1
   341 | D:1      | Reached XP level 2. HP: 23/24 MP: 2/2
   829 | D:1      | Reached skill level 4 in Unarmed Combat
   829 | D:1      | Reached XP level 3. HP: 9/29 MP: 3/3
  1265 | D:1      | Found Necwuaje's Distillery.
  1373 | D:1      | Bought a potion of degeneration for 11 gold pieces
  2158 | D:2      | Reached skill level 5 in Unarmed Combat
  2158 | D:2      | Reached XP level 4. HP: 35/35 MP: 4/4
  2314 | D:2      | Slain by a gnoll

Illustrated notes

Levels and vault maps discovered:
D:1:      dpeg_arrival_long_road, layout_loops_corners, serial_shops,
          nicolae_square_shop, amcnicky_mini_rare_corridor_liquid
D:2:      layout_loops_ring, serial_shops, shop, kennysheep_generic_room_13

Skill      XL: |  1  2  3 |
---------------+----------+-----
Unarmed Combat | 4 5 |  5.2
Fighting       | |  3.4
Dodging        | |  4.2
Stealth        | |  2.4

Action                   |  1- 3 |  4- 6 || total
-------------------------+-------+-------++-------
Melee: Unarmed           |   118 |     9 ||   127
       Punch             |     1 |     1 ||     2
Throw: Dart              |     2 |       ||     2
 Stab: Sleeping          |     5 |       ||     5
Armor: Robe              |    15 |     1 ||    16
Dodge: Dodged            |    72 |     1 ||    73

Table legend: (Time is in decaauts)
 A = Elapsed time spent in this place.
 B = Non-inter-level travel time spent in this place.
 C = Inter-level travel time spent in this place.
 D = Time resting spent in this place.
 E = Time spent auto-exploring this place.
 F = Levels seen in this place.
 G = Mean time per level.
                   A        B        C        D        E       F      G
               +--------+--------+--------+--------+--------+-----+--------+
         Total |   2304 |   2283 |     21 |    547 |   1445 |   2 | 1152.0 |
       Dungeon |   2304 |   2283 |     21 |    547 |   1445 |   2 | 1152.0 |
               +--------+--------+--------+--------+--------+-----+--------+

Top non-repeatable levels by time:
     D:1: 1963 daAuts
     D:2: 341 daAuts
